 Dungeon Crawl Stone Soup version 0.23.2-40-g277498a001 (webtiles) character file.

Game seed: 2510091991358108329

7 Descartes the Charlatan (level 1, 0/8 HPs)
             Began as a Felid Wanderer on Aug 20, 2019.
             Slain by a bat (1 damage)
             ... on level 1 of the Dungeon.
             The game lasted 00:01:06 (561 turns).

Descartes the Charlatan (Felid Wanderer)             Turns: 561, Time: 00:01:06

Health: 0/8        AC:  1    Str: 10    XL:     1   Next: 83%
Magic:  4/4        EV: 16    Int: 12    God:
Gold:   43         SH:  0    Dex: 14    Spells: 3/4 levels left
                                        Lives:  0   Deaths: 0

rFire    . . .     SeeInvis +   (weapon unavailable)
rCold    . . .     Gourm    .   (shield unavailable)
rNeg     . . .     Faith    .   (armour unavailable)
rPois    .         Spirit   .   (helmet unavailable)
rElec    .         Reflect  .   (cloak unavailable)
rCorr    .         Harm     .   (gloves unavailable)
MR       .....                  (boots unavailable)
Stlth    ++........             (no amulet)
HPRegen  0.02/turn              (no ring)
MPRegen  0.09/turn              (no ring)

@: quick
A: very small, no armour, no weapons or thrown items, stealth, claws 1, fangs 3,
see invisible, carnivore, speed 1, shaggy fur 1, slow metabolism 1, sharp paws
a: no special abilities


You were on level 1 of the Dungeon.
You were full.

You visited 1 branch of the dungeon, and saw 1 of its levels.

You collected 43 gold pieces.

Inventory:

Missiles
 e - 16 arrows
Wands
 c - a wand of random effects (15)
Scrolls
 a - a scroll of amnesia {unknown}
 b - a scroll of teleportation
 g - a scroll of random uselessness {unknown}
Potions
 f - a potion of mutation {unknown}
 h - a potion of haste {unknown}
Comestibles
 d - 2 rations
 i - 2 chunks of flesh


   Skills:
 + Level 0.4 Fighting
 + Level 0.7 Dodging
 + Level 0.5 Stealth
 + Level 0.3 Unarmed Combat
 + Level 2.0 Spellcasting
 + Level 0.2 Conjurations
   Level 1.5 Hexes
   Level 1.0 Summonings
   Level 2.1 Transmutations
   Level 1.7 Ice Magic
 - Level 2.1 Evocations


You had 3 spell levels left.
You knew the following spells:

 Your Spells              Type           Power        Failure   Level  Hunger
a - Magic Dart            Conj           #...         26%         1    ##.....

Your spell library contained the following spells:

 Spells                   Type           Power        Failure   Level  Hunger
 Slow                     Hex            #.......     22%         2    ###....
 Call Imp                 Summ           #.......     26%         2    ###....
 Blink                    Tloc           N/A          38%         2    ###....
 Conjure Flame            Conj/Fire      #.......     61%         3    ####...
 Mephitic Cloud           Conj/Pois/Air  #.......     61%         3    ####...


Dungeon Overview and Level Annotations

Branches:
Dungeon (1/15)

Altars:


Innate Abilities, Weirdness & Mutations

You cannot wear armour.
You are incapable of wielding weapons or throwing items.
Your paws allow you to move quietly. (Stealth)
You have sharp claws.
You have razor-sharp teeth.
You have supernaturally acute eyesight. (SInv)
You are carnivorous and can eat meat at any time.
You cover ground quickly.
You are covered in fur. (AC +1)
You have a slow metabolism.
Your sharp claws are effective at attacking unaware monsters.


Message History

Ouch! That really hurt!
* * * LOW HITPOINT WARNING * * *
You scratch the dart slug. You bite the dart slug.
You kill the dart slug!
You see here a dart slug corpse.
You butcher the dart slug corpse.
You see here 2 chunks of flesh.
You see here 2 chunks of flesh.
i - 2 chunks of flesh The bat misses you.
The bat closely misses you.
You closely miss the bat. The bat closely misses you.
The bat closely misses you. The bat hits you but does no damage.
Unknown command.
You are too injured to fight recklessly!
You are too injured to fight recklessly!
The bat barely misses you. The bat hits you.
You die...

#.######.##.......#
#.# #...........
#.# ####.#..#... .
#.# ≈≈##.....## #.#
..# ..... #.# ≈..#
..≈. #.# ...# ....
#.#### .#..# ...
#...@# ...
####b###.....
#.....≈≈≈≈.≈
#.#.##...≈≈≈ #.#..
..♣.≈ # #.# ≈.≈ #.#
≈#♣ #.# ≈≈ #.. ≈


You could see a bat.

Vanquished Creatures
  A dart slug (D:1)
  A goblin (D:1)
  2 frilled lizards (D:1)
  2 rats (D:1)
6 creatures vanquished.

Notes
Turn   | Place    | Note
-------+----------+-------------------------------------------
     0 | D:1      | Descartes the Felid Wanderer began the quest for the Orb.
     0 | D:1      | Descartes set off with the following items: a scroll of
                  | teleportation, a wand of random effects (15), a ration; and
                  | the following spell memorised: Magic Dart; and the
                  | following spells available to memorise: Slow, Call Imp,
                  | Blink, Conjure Flame, Mephitic Cloud
     0 | D:1      | Reached XP level 1. HP: 7/7 MP: 4/4
   561 | D:1      | Slain by a bat

Action                   || total
-------------------------++-------
Melee: Unarmed           ||    21
       Bite              ||     2
 Stab: Sleeping          ||     1
  Eat: Chunk             ||     4
Armor: Skin              ||     1
Dodge: Dodged            ||    15
